 Dungeon Sprint DCSS version 0.21.2 (webtiles) character file.

1100000 Fang the Fighter (level 11, -12/101 HPs)
             Began as a Demonspawn Gladiator on Feb 7, 2019.
             Was an Initiate of Makhleb.
             Mangled by a meat berserker
             ... wielding a +9 battleaxe
              (61 damage)
             ... in the Dungeon (Sprint VIII: "Arena of Blood").
             The game lasted 00:01:14 (11 turns).

Fang the Fighter (Demonspawn Gladiator)               Turns: 11, Time: 00:01:15

Health: -12/101    AC:  4    Str: 18    XL:     11   Next: 71%
Magic:  11/11      EV: 28    Int:  9    God:    Makhleb [......]
Gold:   0          SH:  6    Dex: 20    Spells: 10/10 levels left

rFire    . . .     SeeInvis .   l - +∞ Axe of Woe
rCold    . . .     Gourm    .   (shield currently unavailable)
rNeg     . . .     Faith    .   b - +0 leather armour
rPois    .         Spirit   .   c - +0 helmet
rElec    .         Reflect  .   (no cloak)
rCorr    .         Harm     .   (no gloves)
MR       .....     NoTele   +   (no boots)
Stlth    ++........             (no amulet)
HPRegen  0.26/turn              (no ring)
MPRegen  0.12/turn              (no ring)

@: agile
A: hooves 1, large bone plates 2, powered by pain 1
a: Renounce Religion


You were in the Dungeon.
You worshipped Makhleb.
Makhleb was noncommittal.
You were not hungry.

You visited 1 branch

Inventory:

Hand Weapons
 a - a +0 war axe
 l - the +∞ Axe of Woe (weapon)
   (You found it in the Dungeon)
Missiles
 d - 3 throwing nets (quivered)
Armour
 b - a +0 leather armour (worn)
 c - a +0 helmet (worn)
Scrolls
 k - a scroll of blinking
Potions
 e - a potion of curing
 g - a potion of heal wounds
 h - a potion of haste
 i - 2 potions of magic
 j - a potion of berserk rage
Comestibles
 f - a ration


   Skills:
 + Level 14.6 Fighting
 + Level 13.7 Axes
 + Level 13.6 Throwing
 + Level 13.7 Dodging


You had 10 spell levels left.
You didn't know any spells.

Dungeon Overview and Level Annotations

Branches:
Dungeon (1/1)

Altars:
Makhleb


Innate Abilities, Weirdness & Mutations

You have large cloven feet.
You are mostly covered in large bone plates. (SH +6)
You sometimes gain a little power by taking damage.


Message History

You have reached level 7!
You have reached level 8!
You feel agile.
You have reached level 9!
Your experience leads to an increase in your attributes!
Increase (S)trength, (I)ntelligence, or (D)exterity?
You feel stronger.
You have reached level 10!
You have reached level 11!
The meat berserker rages.
You hear a shout! x2
The meat berserker hits you with a +9 battleaxe!!!
You focus on the pain.
You feel agile all of a sudden.
You hear a shout! x5
The bag of meat hits you with a +9 war axe.
You hear a shout!
The meat berserker hits you with a +9 battleaxe!!!
Ouch! That really hurt!
You die...

..... ... #...
..# . #... ..#
. ..###...
..###..
......###......
......_......
#..o.o# #_.@O_#
#..o..#
......_......
......###......
..###...
..###O. . #...
..# . #... ..#
..... ...


You could see 2 meat berserkers and 3 bags of meat.

Vanquished Creatures
  An orc (D)
1 creature vanquished.

Notes
Turn   | Place    | Note
-------+----------+-------------------------------------------
     0 | D        | Found the +∞ Axe of Woe
     0 | D        | Fang the Demonspawn Gladiator began the quest for the Orb.
     0 | D        | Reached XP level 1. HP: 16/16 MP: 1/1
     4 | D        | Became a worshipper of Makhleb the Destroyer
     8 | D        | Noticed a bag of meat
     9 | D        | Noticed a meat berserker
     9 | D        | Noticed a bag of meat
    10 | D        | Noticed a bag of meat
    10 | D        | Noticed a bag of meat
    11 | D        | Killed a bag of meat
    11 | D        | Reached skill level 14 in Fighting
    11 | D        | Gained mutation: You sometimes gain a little power by taking damage. [demonic ancestry]
    11 | D        | Reached XP level 2. HP: 43/43 MP: 2/2
    11 | D        | Gained mutation: You are partially covered in large bone plates. (SH +4) [demonic ancestry]
    11 | D        | Reached XP level 3. HP: 49/49 MP: 3/3
    11 | D        | Reached XP level 4. HP: 56/56 MP: 4/4
    11 | D        | Gained mutation: You have large cloven feet. [demonic ancestry]
    11 | D        | Reached XP level 5. HP: 62/62 MP: 5/5
    11 | D        | Gained mutation: You are mostly covered in large bone plates. (SH +6) [demonic ancestry]
    11 | D        | Reached XP level 6. HP: 69/69 MP: 6/6
    11 | D        | Reached XP level 7. HP: 75/75 MP: 7/7
    11 | D        | Reached XP level 8. HP: 82/82 MP: 8/8
    11 | D        | Reached XP level 9. HP: 88/88 MP: 9/9
    11 | D        | Reached XP level 10. HP: 95/95 MP: 10/10
    11 | D        | Reached XP level 11. HP: 101/101 MP: 11/11
    11 | D        | Mangled by a meat berserker

Skill      XL: |  1 |
---------------+----+-----
Fighting       | 14 | 14.6
Axes           | 13 | 13.7
Throwing       | 13 | 13.6
Dodging        | 13 | 13.7

Action                   |  1- 3 |  4- 6 |  7- 9 | 10-12 || total
-------------------------+-------+-------+-------+-------++-------
Melee: Executioner's axe |     1 |       |       |       ||     1
